 Dungeon Crawl Stone Soup version 0.29.1-15-g9cfb28693d (webtiles) character file.

Game seed: 9398382915941104157

4356 Firecrotchwizard the Grappler (level 10, -2/90 HPs)
             Began as a Ghoul Monk on Mar 14, 2023.
             Was a Priest of Makhleb.
             Slain by a death yak (12 damage)
             ... on level 9 of the Dungeon.
             The game lasted 00:16:51 (9066 turns).

Firecrotchwizard the Grappler (Ghoul Monk)          Turns: 9066, Time: 00:16:52

Health: -2/90      AC: 13    Str: 20    XL:     10   Next: 34%
Magic:  18/19      EV:  9    Int:  7    God:    Makhleb [***...]
Gold:   245        SH:  5    Dex: 11    Spells: 9/9 levels left

rFire   . . .      SeeInvis .     - Unarmed
rCold   + . .      Faith    .   (no shield)
rNeg    + + +      Spirit   .   l - +0 chain mail
rPois   ∞          Reflect  +   (no helmet)
rElec   .          Harm     .   G - +0 cloak
rCorr   .          Rampage  .   v - +1 pair of gloves
Will    .....                   o - +0 pair of boots
Stlth   ..........              B - amulet of reflection
HPRegen 0.00/turn               w - ring of Winter {MP+9 Int+2}
MPRegen 0.16/turn               (no ring)

@: mighty, inhibited regen, hasted, very quick
A: claws 1, cold resistance 1, negative energy resistance 3, inhibited
regeneration, torment resistance 2, devour on kill
a: Renounce Religion, Minor Destruction, Lesser Servant of Makhleb


You were on level 9 of the Dungeon.
You worshipped Makhleb.
Makhleb was most pleased with you.
You visited 2 branches of the dungeon, and saw 10 of its levels.

You collected 474 gold pieces.
You spent 229 gold pieces at shops.

Inventory:

Missiles
 x - a throwing net (quivered)
Armour
 a - a +0 robe
 e - a +0 ring mail
 l - a +0 chain mail (worn)
 o - a +0 pair of boots (worn)
 v - a +1 pair of gloves (worn)
 G - a +0 cloak (worn)
Jewellery
 i - a ring of fire
 n - the ring "Epterch" {rF+ rC+ Str-2 Int+4 Dex+3}
   (You found it on level 2 of the Dungeon)

   [ring of protection from cold]

   Str:       It affects your strength (-2).
   Int:       It affects your intelligence (+4).
   Dex:       It affects your dexterity (+3).
   rF:        It protects you from fire.
   rC:        It protects you from cold.
 s - an amulet of the acrobat
 w - the ring of Winter (left hand) {MP+9 Int+2}
   (You found it on level 5 of the Dungeon)

   [ring of magical power]

   Int:       It affects your intelligence (+2).
   MP:        It affects your magic capacity (+9).
 B - an amulet of reflection (around neck)
Wands
 C - a wand of charming (5)
 E - a wand of polymorph (10)
Scrolls
 c - 2 scrolls of identify
 j - 2 scrolls of summoning
 m - 2 scrolls of poison
 r - a scroll of torment {unknown}
 u - 4 scrolls of teleportation
 y - 2 scrolls of noise
 A - 2 scrolls of enchant weapon
Potions
 b - 2 potions of ambrosia
 d - a potion of mutation {unknown}
 f - a potion of invisibility {unknown}
 g - 2 potions of flight {unknown}
 h - 2 potions of heal wounds
 k - a potion of attraction
 p - a potion of curing
 q - a potion of might
 t - a potion of lignification
 D - a potion of resistance {unknown}
 F - 2 potions of brilliance {unknown}


   Skills:
 + Level 8.7 Fighting
 + Level 3.6 Armour
 - Level 6.1 Dodging
 - Level 2.1 Stealth
 + Level 11.7 Unarmed Combat
 + Level 2.0 Invocations


You had 9 spell levels left.
You didn't know any spells.
Your spell library contained the following spells:

 Spells                   Type           Power      Damage    Failure   Level
 Ensorcelled Hibernation  Hex/Ice        0%         N/A       100%        2
 Anguish                  Hex/Necr       0%         N/A       100%        4
 Spider Form              Tmut/Pois      Unusable   N/A       N/A         3

Dungeon Overview and Level Annotations

Branches:
Dungeon (9/15)             Temple (1/1) D:6
   Lair: D:8-11         Orc: D:9-12

Altars:
Ashenzari
Cheibriados
Dithmenos
Fedhas
Gozag
Hepliaklqana
Kikubaaqudgha
Makhleb
Nemelex Xobeh
Okawaru
Qazlal
Ru
Sif Muna
Trog
Uskayaw
Vehumet
Wu Jian
Xom
Yredelemnul

Shops:
D:1 (   D:3 *   D:5 [*   D:6 *:(*   D:9 !


Innate Abilities, Weirdness & Mutations

You are immune to poison.
You have sharp fingernails.
Your flesh is cold resistant. (rC+)
You are immune to negative energy. (rN+++)
You do not regenerate when monsters are visible.
You are immune to unholy pain and torment.
You thrive by killing the living.


Message History

You punch the death yak! x2
The death yak is heavily wounded.
A death yak comes into view.
The death yak gores you!!
You punch the death yak!
The death yak is heavily wounded.
You pummel the death yak!!
The death yak is almost dead.
The death yak gores you!
You punch the death yak!
The death yak is almost dead.
The death yak barely misses you.
You barely miss the death yak.
The death yak is almost dead.
The death yak gores you!
* * * LOW HITPOINT WARNING * * *
You feel yourself speed up. The death yak gores you!
* * * LOW HITPOINT WARNING * * *
You punch the death yak!
You kill the death yak!
Makhleb accepts your kill.
You feel better.
Your Invocations skill increases to level 2!
You block the death yak's attack.
You hit the death yak.
The death yak is lightly wounded.
The death yak gores you!
* * * LOW HITPOINT WARNING * * *
You punch the death yak!
The death yak is moderately wounded.
You punch the death yak!
The death yak is heavily wounded.
The death yak gores you!
* * * LOW HITPOINT WARNING * * *
You hit the death yak but do no damage.
The death yak is heavily wounded.
You hit the death yak.
The death yak is heavily wounded.
The death yak gores you!
You die...

## #. ##.######## #
..<#YY@..# .#.#####.#F###.#
.............#'######
.........#.#........#
...).....#.#........#########
.........#.#.................
....$...Y#...................
##........###................
########.# ##+#####.........


You could see 2 death yaks and a bullfrog.

Vanquished Creatures
  A death yak (D:9)
  Pikel (D:8)
  A shadow (D:9)
  A steam dragon (D:7)
  A water moccasin (D:4)
  An acid dragon (D:9)
  An ice beast (D:7)
  3 sky beasts
  2 black bears
  An ogre (D:6)
  2 centaurs
  A lemure (D:8)
  3 phantoms
  3 bullfrogs
  2 scorpions
  7 wights
  An oklob sapling (D:6)
  7 killer bees
  A howler monkey (D:5)
  2 hounds
  3 gnoll boudas
  4 orc priests
  2 iguanas
  2 orc wizards
  Terence (D:2)
  13 gnolls
  9 adders
  3 shadow imps
  2 white imps (D:8)
  An ufetubus (D:4)
  2 worms
  3 dart slugs
  24 orcs
  9 ball pythons
  9 bats
  10 endoplasms
  5 giant cockroaches
  3 goblins
  7 hobgoblins
  5 kobolds
  2 quokkas
  4 frilled lizards
  3 rats
168 creatures vanquished.

Vanquished Creatures (collateral kills)
  A bullfrog (D:6)
  An ufetubus (D:6)
2 creatures vanquished.

Vanquished Creatures (others)
  6 plants (D:6)
6 creatures vanquished.

Grand Total: 176 creatures vanquished

Notes
Turn   | Place    | Note
-------+----------+-------------------------------------------
     0 | D:1      | Firecrotchwizard the Ghoul Monk began the quest for the
                  | Orb.
     0 | D:1      | Reached XP level 1. HP: 19/19 MP: 0/0
   158 | D:1      | Reached XP level 2. HP: 21/26 MP: 1/1
   448 | D:1      | Found Dese's Antique Weapon Boutique.
   553 | D:1      | Reached skill level 4 in Unarmed Combat
   553 | D:1      | Reached XP level 3. HP: 31/31 MP: 2/2
   640 | D:1      | Found a faded altar of an unknown god.
  1252 | D:2      | Noticed Terence
  1273 | D:2      | Killed Terence
  1274 | D:2      | Reached XP level 4. HP: 14/40 MP: 3/3
  1648 | D:2      | Identified the ring "Epterch" {rF+ rC+ Str-2 Int+4 Dex+3}
  2181 | D:3      | Reached XP level 5. HP: 46/46 MP: 4/4
  2218 | D:3      | Found Sarphearu's General Store.
  2238 | D:3      | Reached skill level 5 in Unarmed Combat
  2403 | D:3      | Found a shadowy altar of Dithmenos.
  2492 | D:3      | You fall into a shaft and drop 1 floor!
  2793 | D:4      | Noticed a water moccasin
  2800 | D:4      | Killed a water moccasin
  2801 | D:4      | Reached XP level 6. HP: 34/53 MP: 5/5
  2979 | D:4      | Reached skill level 6 in Unarmed Combat
  3429 | D:4      | Identified the +4 hand axe "Ompatuy" {flame, rElec Int+7
                  | Dex-5}
  3467 | D:4      | Reached skill level 5 in Fighting
  3474 | D:4      | Found a stormy altar of Qazlal.
  3474 | D:4      | Found an opulent altar of Gozag.
  3701 | D:5      | Entered Level 5 of the Dungeon
  3977 | D:5      | Reached XP level 7. HP: 61/61 MP: 6/6
  4214 | D:5      | Reached skill level 7 in Unarmed Combat
  4591 | D:5      | Found Yran's Armour Shop.
  4815 | D:5      | Reached XP level 8. HP: 58/70 MP: 7/7
  5044 | D:5      | Found Quqarph's Assorted Antiques.
  5061 | D:5      | Bought a scroll labelled YRRAESHU EFASS for 25 gold pieces
  5061 | D:5      | Bought a scroll labelled FESOTA BOTUUS for 25 gold pieces
  5063 | D:5      | Identified the ring of Winter {MP+9 Int+2}
  5299 | D:6      | Found Goke Kog's Book Shoppe.
  5302 | D:6      | Found Nusuan's Assorted Antiques.
  5318 | D:6      | Bought a scroll labelled ZENAFU KIFO for 22 gold pieces
  5318 | D:6      | Bought a scroll labelled WIETRIYDUO for 22 gold pieces
  5318 | D:6      | Bought a dented amethyst amulet for 110 gold pieces
  5341 | D:6      | Reached skill level 5 in Dodging
  5341 | D:6      | Reached skill level 8 in Unarmed Combat
  5646 | D:6      | Found Hyahat's Assorted Antiques.
  5657 | D:6      | Bought a scroll labelled FEFFOD HYRIOPT for 25 gold pieces
  5718 | D:6      | Found Pouresty's Antique Weapon Boutique.
  5739 | D:6      | Found a staircase to the Ecumenical Temple.
  5836 | Temple   | Entered the Ecumenical Temple
  6133 | Temple   | Became a worshipper of Makhleb the Destroyer
  6133 | Temple   | Reached * piety under Makhleb
  6133 | Temple   | Reached ** piety under Makhleb
  6228 | D:6      | Reached skill level 9 in Unarmed Combat
  6662 | D:6      | Found a basalt altar of Yredelemnul.
  6763 | D:7      | Reached XP level 9. HP: 55/78 MP: 8/8
  6777 | D:7      | HP: 1/78 [something (5)]
  7291 | D:7      | Reached skill level 10 in Unarmed Combat
  7630 | D:7      | Reached skill level 1 in Armour
  7641 | D:7      | Found an iron altar of Okawaru.
  7811 | D:8      | Noticed Pikel
  7829 | D:8      | Killed Pikel
  7989 | D:8      | Reached skill level 11 in Unarmed Combat
  8733 | D:9      | Found Pechoav's Distillery.
  8748 | D:9      | Reached XP level 10. HP: 81/88 MP: 9/9
  8852 | D:9      | Reached *** piety under Makhleb
  8860 | D:9      | Reached skill level 1 in Invocations
  9036 | D:9      | Noticed a death yak
  9037 | D:9      | Noticed a death yak
  9054 | D:9      | Noticed a death yak
  9060 | D:9      | Killed a death yak
  9066 | D:9      | Slain by a death yak

Illustrated notes

Levels and vault maps discovered:
D:1:      dpeg_arrival_rooms_c, layout_basic, serial_shops,
          nicolae_shop_waterfront, ebering_ecumenical_altar_petrified,
          st_stairs_3
D:2:      layout_loops_corners, uniq_terence
D:3:      layout_basic, mainiacjoe_overflow_alcove_4, serial_shops, shop
D:4:      layout_loops_corners, gammafunk_temple_overflow_pools
D:5:      layout_basic, serial_shops, nicolae_diamond_shop, shop,
          nicolae_hexahallways
D:6:      layout_gridville, lemuel_tele_altar, minmay_temple_entry_oklob,
          serial_shops, nicolae_take_the_stairs, kennysheep_little_box,
          nicolae_shop_overgrown_old_shop, nicolae_shop_overgrown_old_shop
D:7:      layout_rooms, marbit_many_paths, hangedman_abyss_or_decor_lesser_grid
D:8:      layout_loops_ring, minmay_misc_feat_rows, minmay_parallelograms,
          uniq_pikel
D:9:      layout_basic, dpeg_lair_monsters, serial_shops,
          nicolae_shop_behind_doors, nicolae_shop_statue_plus, shop
Temple:   minmay_temple_bridge_d

Skill      XL: |  1  2  3  4  5  6  7  8  9 10 |
---------------+-------------------------------+-----
Dodging        | 3 4 5 6 |  6.1
Unarmed Combat | 4 5 6 7 9 11 | 11.7
Fighting       | 4 5 6 8 |  8.7
Armour         | 2 3 |  3.6
Invocations    | 2 |  2.0
Stealth        | |  2.1

Action                   |  1- 3 |  4- 6 |  7- 9 | 10-12 || total
-------------------------+-------+-------+-------+-------++-------
Melee: Unarmed           |   106 |   190 |   317 |    54 ||   667
       Punch             |     1 |     5 |    14 |     5 ||    25
Evoke: Wand              |       |       |     1 |       ||     1
  Use: Scroll            |       |       |    17 |       ||    17
       Potion            |       |       |     2 |     2 ||     4
 Stab: Sleeping          |       |     2 |       |       ||     2
Armor: Robe              |     8 |       |       |       ||     8
       Ring mail         |    24 |    62 |    68 |       ||   154
       Chain mail        |       |       |    44 |    23 ||    67
Dodge: Dodged            |    69 |   105 |   130 |    15 ||   319
Block: Other             |       |       |    37 |    13 ||    50
       Reflection        |       |       |     1 |     1 ||     2
